 Dungeon Crawl Stone Soup version 0.31.0-9-g3a7656b989 (webtiles) character file.

Game seed: 11168293813593322647

124 qw the Skirmisher (level 4, -1/25 HPs)
             Began as a Deep Elf Hunter on Feb 2, 2024.
             Slain by an orc wizard
             ... wielding a +0 dagger
              (3 damage)
             ... on level 3 of the Dungeon.
             The game lasted 00:00:05 (1457 turns).

qw the Skirmisher (Deep Elf Hunter)                 Turns: 1457, Time: 00:00:05

Health: -1/25      AC:  3    Str: 10    XL:     4   Next: 81%
Magic:  6/6        EV: 12    Int: 14    God:
Gold:   94         SH:  0    Dex: 18    Spells: 3/3 levels left

rFire   . . .        a - +0 shortbow (heavy)
rCold   . . .        (shield currently unavailable)
rNeg    . . .        c - +0 leather armour
rPois   .            (no helmet)
rElec   .            (no cloak)
rCorr   .            (no gloves)
SInv    .            (no boots)
Will    .....        (no amulet)
Stlth   ++           (no ring)
HPRegen 0.24/turn    (no ring)
MPRegen 0.10/turn

%: no passive effects
@: no status effects
A: no striking features
a: no special abilities


You were on level 3 of the Dungeon.
You visited 1 branch of the dungeon, and saw 3 of its levels.

You collected 94 gold pieces.


   Skills:
 - Level 1.5 Fighting
 + Level 8.2 Ranged Weapons
 - Level 2.4 Dodging
 - Level 1.2 Stealth


You had 3 spell levels left.
You didn't know any spells.
Your spell library was empty.

Inventory:

Hand Weapons
 a - a +0 heavy shortbow (weapon)
Armour
 b - a +0 ring mail
 c - a +0 leather armour (worn)
Potions
 d - a potion of might {unknown}
 e - a potion of attraction {unknown}
 f - a potion of heal wounds {unknown}

Dungeon Overview and Level Annotations

Branches:
Dungeon (3/15)

Altars:

Shops:
D:1 !


Message History

You shoot an arrow.
The arrow closely misses the orc wizard.
The orc wizard hits you with a +0 dagger.
You shoot an arrow. The arrow barely misses the orc wizard.
A kobold comes into view. It is wielding a +0 short sword.
The orc wizard completely misses you.
A jackal comes into view.
The orc wizard closely misses you. The orc hits you with a +0 flail.
You shoot an arrow.
The arrow closely misses the orc wizard.
The orc hits you with a +0 flail.
The orc wizard mumbles some strange words.
The orc wizard flickers and vanishes!
Deactivating autopickup; reactivate with Ctrl-A.
You shoot an arrow. The arrow closely misses the orc.
You hear some strange, mumbled words.
A magic dart appears from out of thin air!
The magic dart hits you. The orc closely misses you. Something hits you.
The orc hits you with a +0 flail.
You shoot an arrow. The arrow hits the orc.
The orc is heavily wounded.
The orc misses you.
A rat comes into view.
Something hits you.
You shoot an arrow. The arrow hits the orc.
You kill the orc!
Something completely misses you. The jackal closely misses you.
Something hits you but does no damage.
You shoot an arrow. The arrow hits the jackal!!
You kill the jackal!
Something hits you but does no damage.
You shoot an arrow. The arrow misses the kobold.
The kobold hits you with a +0 short sword.
Something hits you. The kobold hits you but does no damage.
Something hits you but does no damage.
You shoot an arrow. The arrow barely misses the kobold.
The kobold barely misses you. Something hits you but does no damage.
You shoot an arrow. The arrow closely misses the kobold.
The kobold hits you but does no damage. Something hits you.
You die...

#.# #.#
##.##########
#...........#
#..........)#
#...........#
#...........#
#...........#####
#.............@{#
###........######K#
>.........## o#
###......## r.
######.# ..# #.#
..# # #.# .)# ..
..# ..# .. ..#


You could see an orc, a kobold and a rat.

Vanquished Creatures
  2 gnolls (D:3)
  3 adders (D:2)
  3 dart slugs
  3 ribbon worms (D:2)
  2 orcs (D:3)
  2 ball pythons (D:1)
  2 endoplasms (D:1)
  2 giant cockroaches
  6 goblins
  2 hobgoblins
  9 jackals
  5 kobolds
  3 quokkas
  8 bats
  3 frilled lizards (D:1)
  8 rats
63 creatures vanquished.

Notes
Turn   | Place    | Note
-------+----------+-------------------------------------------
     0 | D:1      | qw the Deep Elf Hunter began the quest for the Orb.
     0 | D:1      | Reached XP level 1. HP: 12/12 MP: 3/3
     0 | D:1      | 0 ||| qw: Version: 0.3-a-155-g5e7d8dd
     0 | D:1      | 0 ||| qw: Game counter: 1221
     0 | D:1      | 0 ||| qw: Melee chars always use a shield: true
     0 | D:1      | 0 ||| qw: God list: Okawaru
     0 | D:1      | 0 ||| qw: Allow faded altars: false
     0 | D:1      | 0 ||| qw: Do Orc after clearing Dungeon:15 true
     0 | D:1      | 0 ||| qw: Do second Lair branch before Depths: true
     0 | D:1      | 0 ||| qw: Lair rune preference: random
     0 | D:1      | 0 ||| qw: Goals: Normal
     0 | D:1      | 0 ||| PLANNING D:1-11
   103 | D:1      | Reached XP level 2. HP: 15/16 MP: 4/4
   106 | D:1      | Reached skill level 6 in Ranged Weapons
   184 | D:1      | Found a faded altar of an unknown god.
   265 | D:1      | Found Tajewics's Distillery.
   273 | D:1      | 273 ||| SHOPLISTING 2 potions of curing (84 gold, have 0).
   273 | D:1      | 273 ||| SHOPLISTING potion of curing (42 gold, have 0).
   273 | D:1      | 273 ||| SHOPLISTING potion of haste (140 gold, have 0).
   642 | D:1      | 642 ||| READING scroll labelled ZAONLU MAKH.
   642 | D:1      | 642 ||| BRANDING +0 shortbow.
   643 | D:1      | 643 ||| READING scroll labelled SOIVAA XIOSK.
   644 | D:1      | 644 ||| DROPPING scroll of butterflies.
   684 | D:2      | Reached XP level 3. HP: 20/20 MP: 5/5
   782 | D:2      | Reached skill level 7 in Ranged Weapons
   866 | D:2      | Reached XP level 4. HP: 25/25 MP: 6/6
  1299 | D:2      | 1299 ||| READING scroll labelled YLIQAV CARI.
  1328 | D:3      | Reached skill level 8 in Ranged Weapons
  1438 | D:3      | Identified the +7 whip of Causality {flame, rElec rN+ Will+
                  | Str-4}
  1451 | D:3      | HP: 4/25 [orc/+0 flail (5)]
  1455 | D:3      | HP: 1/25 [something (1)]
  1457 | D:3      | Slain by an orc wizard

Levels and vault maps discovered:
D:1:      psy_arrival_statuary, layout_loops_ring, serial_shops, shop,
          shapermc_ecumenical_altar_acropolis, minmay_tromino_v4_c
D:2:      minmay_door_path, layout_basic
D:3:      layout_basic, minmay_cupped

Skill      XL: |  1  2  3  4 |
---------------+-------------+-----
Ranged Weapons | 6 7 8 |  8.2
Fighting       | |  1.5
Dodging        | |  2.4
Stealth        | |  1.2

Action                     |  1- 3 |  4- 6 || total
---------------------------+-------+-------++-------
   Fire: Shortbow          |    75 |    56 ||   131
    Use: Scroll            |     2 |     1 ||     3
 Armour: Leather armour    |     4 |    27 ||    31
  Dodge: Dodged            |     8 |    15 ||    23

Table legend:
 A = Non-vault XP
 B = Vault XP
 C = Vault XP percentage of total XP
 D = Non-vault monster count
 E = Vault monster count
 F = Vault count percentage of total count
                 A         B        C        D         E       F
            +---------+---------+-------+---------+---------+-------
      Total |     171 |       7 |   3.9 |      59 |       4 |   6.3
            +---------+---------+-------+---------+---------+-------
        D:1 |      37 |       3 |   7.5 |      23 |       2 |   8.0
        D:2 |      87 |       2 |   2.2 |      24 |       1 |   4.0
        D:3 |      47 |       2 |   4.1 |      12 |       1 |   7.7
            +---------+---------+-------+---------+---------+-------
